[ AOE2 MATCH · #459070409 ]
UnrankedKhmer vs Celts
[ REPLAY ANALYSIS · EXTRACTED FROM THE RECORDED GAME ]
Feudal
—
Castle
—
Imperial
—
| APM avg | 17.0 |
| APM peak | 72 |
| eAPM avg | 16.0 |
| Villagers / military | 408 / 1649 |
Focus
⚔️ 54.5% · 🌾 45.5%
Scorpion ×577 · Battle Elephant ×491 · Ballista Elephant ×390 · Cavalry Archer ×190 · Trade Cart ×126 · Monk ×1
Feudal
—
Castle
—
Imperial
—
| APM avg | 25.4 |
| APM peak | 147 |
| eAPM avg | 24.7 |
| Villagers / military | 384 / 1854 |
Focus
⚔️ 57.4% · 🌾 42.6%
Mangonel ×1042 · Scorpion ×365 · Scout Cavalry ×321 · Trade Cart ×235 · Battering Ram ×126
Feudal
—
Castle
—
Imperial
—
| APM avg | 19.0 |
| APM peak | 102 |
| eAPM avg | 18.5 |
| Villagers / military | 186 / 2275 |
Focus
⚔️ 57.6% · 🌾 42.4%
Camel Scout ×547 · War Elephant ×450 · Bombard Cannon ×371 · Spearman ×242 · Knight ×200 · Militia ×200
Feudal
—
Castle
—
Imperial
—
| APM avg | 42.2 |
| APM peak | 146 |
| eAPM avg | 41.7 |
| Villagers / military | 290 / 1744 |
Focus
⚔️ 76.1% · 🌾 23.9%
Teutonic Knight ×767 · Spearman ×685 · Bombard Cannon ×186 · Militia ×72 · Trade Cart ×70 · Knight ×34
Feudal
—
Castle
—
Imperial
—
| APM avg | 24.1 |
| APM peak | 102 |
| eAPM avg | 23.7 |
| Villagers / military | 310 / 3274 |
Focus
⚔️ 73.3% · 🌾 26.7%
Knight ×2429 · Tarkan ×550 · Trade Cart ×153 · Scout Cavalry ×130 · Mangonel ×100 · Battering Ram ×65
Feudal
—
Castle
—
Imperial
—
| APM avg | 13.5 |
| APM peak | 61 |
| eAPM avg | 12.9 |
| Villagers / military | 329 / 1356 |
Focus
⚔️ 53.9% · 🌾 46.1%
Skirmisher ×371 · Scorpion ×226 · Magyar Huszar ×207 · Militia ×200 · Scout Cavalry ×192 · Spearman ×147
Match map
Initial resources + every placement click. Lines = walls · curves = elevation contours. ◆ gold · ⬟ stone · ● berries · ✦ relic · ◌ wall gap
Inputs per minute
— IsaacNewton - - yuzarsif
Build order — IsaacNewton
First 150 of 773 actions detected
| 0:19 | Build | Town Center |
| 0:21 | Build | Town Center |
| 0:24 | Build | Town Center |
| 0:37 | Build | Town Center |
| 0:39 | Build | Town Center |
| 1:08 | Build | Mining Camp |
| 1:11 | Build | Mining Camp |
| 1:12 | Build | Mining Camp |
| 1:25 | Build | House |
| 1:26 | Build | House |
| 1:27 | Build | House |
| 1:29 | Build | House |
| 1:30 | Build | House |
| 1:32 | Build | House |
| 1:33 | Build | House |
| 1:34 | Build | House |
| 1:37 | Build | House |
| 1:39 | Build | House |
| 1:41 | Build | House |
| 1:47 | Create | Villager (Male) ×5 |
| 1:47 | Create | Villager (Male) ×5 |
| 1:48 | Create | Villager (Male) ×5 |
| 1:48 | Create | Villager (Male) ×5 |
| 1:48 | Create | Villager (Male) ×5 |
| 2:03 | Create | Villager (Male) ×5 |
| 2:03 | Create | Villager (Male) ×5 |
| 2:03 | Create | Villager (Male) ×5 |
| 2:03 | Create | Villager (Male) ×5 |
| 2:03 | Create | Villager (Male) ×5 |
| 2:10 | Create | Villager (Male) ×5 |
| 2:10 | Create | Villager (Male) ×5 |
| 2:10 | Create | Villager (Male) ×5 |
| 2:11 | Create | Villager (Male) ×5 |
| 2:29 | Build | Market |
| 2:31 | Build | Market |
| 2:32 | Build | Market |
| 2:36 | Build | Market |
| 2:37 | Build | Market |
| 2:41 | Build | Lumber Camp |
| 2:45 | Create | Villager (Male) ×5 |
| 2:45 | Create | Villager (Male) ×5 |
| 2:45 | Create | Villager (Male) ×5 |
| 2:46 | Create | Villager (Male) ×5 |
| 3:20 | Build | Castle |
| 3:22 | Build | Castle |
| 3:25 | Build | Castle |
| 3:29 | Build | Castle |
| 3:32 | Build | Castle |
| 3:36 | Build | Castle |
| 3:38 | Build | Castle |
| 3:53 | Create | Villager (Male) ×5 |
| 3:53 | Create | Villager (Male) ×5 |
| 3:53 | Create | Villager (Male) ×5 |
| 3:54 | Create | Villager (Male) ×5 |
| 4:00 | Create | Villager (Male) |
| 4:00 | Create | Villager (Male) |
| 4:00 | Create | Villager (Male) |
| 4:01 | Create | Villager (Male) |
| 4:01 | Create | Villager (Male) |
| 4:01 | Create | Villager (Male) |
| 4:01 | Create | Villager (Male) |
| 4:02 | Create | Villager (Male) |
| 4:02 | Create | Villager (Male) |
| 4:02 | Create | Villager (Male) |
| 4:03 | Create | Villager (Male) |
| 4:07 | Create | Villager (Male) |
| 4:07 | Create | Villager (Male) |
| 4:08 | Create | Villager (Male) |
| 4:08 | Create | Villager (Male) |
| 4:16 | Build | House |
| 4:18 | Build | House |
| 4:20 | Build | House |
| 4:21 | Build | House |
| 4:22 | Build | House |
| 4:24 | Build | House |
| 4:27 | Build | House |
| 4:29 | Build | House |
| 4:31 | Build | House |
| 4:33 | Build | House |
| 4:36 | Build | House |
| 4:49 | Build | House |
| 4:50 | Build | House |
| 4:52 | Build | House |
| 4:54 | Build | House |
| 4:55 | Build | House |
| 4:57 | Build | House |
| 4:58 | Build | House |
| 5:00 | Build | House |
| 5:03 | Build | House |
| 5:04 | Build | House |
| 5:06 | Build | House |
| 5:07 | Build | House |
| 5:08 | Build | House |
| 5:11 | Create | Villager (Male) ×5 |
| 5:11 | Create | Villager (Male) ×5 |
| 5:12 | Create | Villager (Male) ×5 |
| 5:15 | Create | Villager (Male) ×5 |
| 5:15 | Create | Villager (Male) ×5 |
| 5:16 | Create | Villager (Male) ×2 |
| 5:39 | Build | Stone Wall |
| 5:52 | Build | Stone Wall |
| 6:01 | Build | Building 490 |
| 6:05 | Build | Building 673 |
| 6:08 | Build | Building 673 |
| 6:11 | Build | Building 490 |
| 6:14 | Build | Building 490 |
| 6:18 | Build | Building 490 |
| 6:26 | Create | Villager (Male) ×5 |
| 6:26 | Create | Villager (Male) ×5 |
| 6:27 | Create | Villager (Male) ×5 |
| 6:27 | Create | Villager (Male) ×5 |
| 6:39 | Build | Farm |
| 6:40 | Build | Farm |
| 6:41 | Build | Farm |
| 6:44 | Build | Farm |
| 6:46 | Build | Farm |
| 6:48 | Build | Farm |
| 6:50 | Build | Farm |
| 6:52 | Build | Farm |
| 6:53 | Build | Farm |
| 7:02 | Build | Farm |
| 7:06 | Create | Villager (Male) ×5 |
| 7:06 | Create | Villager (Male) ×5 |
| 7:07 | Create | Villager (Male) ×5 |
| 7:12 | Create | Villager (Male) |
| 7:13 | Create | Villager (Male) |
| 7:13 | Create | Villager (Male) |
| 7:13 | Create | Villager (Male) |
| 7:13 | Create | Villager (Male) |
| 7:14 | Create | Villager (Male) |
| 7:21 | Create | Villager (Male) ×5 |
| 7:21 | Create | Villager (Male) ×5 |
| 7:21 | Create | Villager (Male) ×5 |
| 7:22 | Create | Villager (Male) ×3 |
| 7:28 | Create | Villager (Male) ×5 |
| 7:28 | Create | Villager (Male) ×5 |
| 7:30 | Create | Villager (Male) ×5 |
| 7:30 | Create | Villager (Male) ×5 |
| 7:30 | Create | Villager (Male) ×5 |
| 7:32 | Create | Villager (Male) ×2 |
| 7:32 | Create | Villager (Male) ×2 |
| 7:32 | Create | Villager (Male) |
| 7:42 | Build | Farm |
| 7:43 | Build | Farm |
| 7:45 | Build | Farm |
| 7:48 | Build | Farm |
| 7:50 | Build | Farm |
| 7:52 | Build | Farm |
| 8:23 | Create | Villager (Male) ×4 |
| 8:23 | Create | Villager (Male) |
Build order — yuzarsif
First 150 of 936 actions detected
| 0:02 | Create | Villager (Male) ×5 |
| 0:03 | Create | Villager (Male) ×5 |
| 0:03 | Create | Villager (Male) ×5 |
| 0:10 | Build | Town Center |
| 0:13 | Build | Town Center |
| 0:23 | Build | Town Center |
| 0:36 | Build | Town Center |
| 0:46 | Build | Market |
| 0:50 | Build | Market |
| 0:51 | Build | Market |
| 0:53 | Build | Market |
| 0:55 | Build | Market |
| 1:05 | Build | Town Center |
| 1:08 | Create | Villager (Male) ×5 |
| 1:08 | Create | Villager (Male) ×5 |
| 1:08 | Create | Villager (Male) ×5 |
| 1:09 | Create | Villager (Male) ×5 |
| 1:14 | Build | Town Center |
| 1:18 | Create | Villager (Male) ×5 |
| 1:18 | Create | Villager (Male) ×5 |
| 1:19 | Create | Villager (Male) ×5 |
| 1:26 | Create | Villager (Male) ×5 |
| 1:26 | Create | Villager (Male) ×5 |
| 1:26 | Create | Villager (Male) ×5 |
| 1:27 | Create | Villager (Male) ×5 |
| 1:40 | Build | Town Center |
| 1:45 | Create | Villager (Male) ×5 |
| 1:45 | Create | Villager (Male) ×5 |
| 1:45 | Create | Villager (Male) ×5 |
| 1:53 | Build | Town Center |
| 1:57 | Create | Villager (Male) ×5 |
| 1:57 | Create | Villager (Male) ×5 |
| 1:57 | Create | Villager (Male) ×5 |
| 1:58 | Create | Villager (Male) ×5 |
| 2:27 | Build | House |
| 2:27 | Build | House |
| 2:28 | Build | House |
| 2:28 | Build | House |
| 2:30 | Build | House |
| 2:30 | Build | House |
| 2:31 | Build | House |
| 2:31 | Build | House |
| 2:31 | Build | House |
| 2:31 | Build | House |
| 2:32 | Build | House |
| 2:32 | Build | House |
| 2:32 | Build | House |
| 2:33 | Build | House |
| 2:33 | Build | House |
| 2:33 | Build | House |
| 2:34 | Build | House |
| 2:34 | Build | House |
| 2:34 | Build | House |
| 2:35 | Build | House |
| 2:35 | Build | House |
| 2:36 | Build | House |
| 2:37 | Build | House |
| 2:37 | Build | House |
| 2:37 | Build | House |
| 2:39 | Build | House |
| 2:43 | Build | House |
| 2:43 | Build | House |
| 2:43 | Build | House |
| 2:44 | Build | House |
| 2:44 | Build | House |
| 2:44 | Build | House |
| 2:45 | Build | House |
| 2:45 | Build | House |
| 2:46 | Build | House |
| 2:46 | Build | House |
| 2:47 | Build | House |
| 2:47 | Build | House |
| 2:47 | Build | House |
| 2:48 | Build | House |
| 2:48 | Build | House |
| 2:49 | Build | House |
| 2:49 | Build | House |
| 2:53 | Build | House |
| 2:53 | Build | House |
| 2:54 | Build | House |
| 2:54 | Build | House |
| 2:55 | Build | House |
| 2:55 | Build | House |
| 2:56 | Build | House |
| 2:56 | Build | House |
| 2:56 | Build | House |
| 2:57 | Build | House |
| 2:57 | Build | House |
| 2:57 | Build | House |
| 2:58 | Build | House |
| 2:58 | Build | House |
| 2:58 | Build | House |
| 2:59 | Build | House |
| 2:59 | Build | House |
| 2:59 | Build | House |
| 3:00 | Build | House |
| 3:03 | Build | House |
| 3:03 | Build | House |
| 3:03 | Build | House |
| 3:04 | Build | House |
| 3:04 | Build | House |
| 3:05 | Build | House |
| 3:05 | Build | House |
| 3:06 | Build | House |
| 3:06 | Build | House |
| 3:07 | Build | House |
| 3:07 | Build | House |
| 3:13 | Create | Villager (Male) ×5 |
| 3:13 | Create | Villager (Male) ×5 |
| 3:14 | Create | Villager (Male) ×5 |
| 3:14 | Create | Villager (Male) ×5 |
| 3:14 | Create | Villager (Male) ×5 |
| 3:18 | Create | Villager (Male) ×5 |
| 3:19 | Create | Villager (Male) ×5 |
| 3:19 | Create | Villager (Male) ×5 |
| 3:19 | Create | Villager (Male) ×5 |
| 3:23 | Create | Villager (Male) ×5 |
| 3:23 | Create | Villager (Male) ×5 |
| 3:23 | Create | Villager (Male) ×5 |
| 3:24 | Create | Villager (Male) ×5 |
| 3:46 | Build | Town Center |
| 3:55 | Build | Town Center |
| 4:43 | Build | Town Center |
| 4:48 | Create | Villager (Male) ×5 |
| 4:49 | Create | Villager (Male) ×5 |
| 4:49 | Create | Villager (Male) ×5 |
| 4:49 | Create | Villager (Male) ×5 |
| 4:53 | Build | Town Center |
| 4:57 | Create | Villager (Male) ×5 |
| 4:57 | Create | Villager (Male) ×5 |
| 4:58 | Create | Villager (Male) ×5 |
| 4:58 | Create | Villager (Male) ×5 |
| 5:13 | Build | Mining Camp |
| 5:21 | Create | Villager (Male) ×4 |
| 5:41 | Create | Villager (Male) ×5 |
| 5:41 | Create | Villager (Male) ×5 |
| 5:41 | Create | Villager (Male) ×5 |
| 5:46 | Build | Town Center |
| 5:49 | Create | Villager (Male) ×5 |
| 5:49 | Create | Villager (Male) ×5 |
| 5:50 | Create | Villager (Male) ×5 |
| 5:50 | Create | Villager (Male) ×5 |
| 5:56 | Build | Town Center |
| 6:08 | Build | Town Center |
| 6:25 | Build | House |
| 6:26 | Build | House |
| 6:27 | Build | House |
| 6:28 | Build | House |
| 6:30 | Build | House |
| 6:32 | Build | House |
Build order — Jupiter19
First 150 of 840 actions detected
| 0:04 | Create | Villager (Male) ×5 |
| 0:05 | Create | Villager (Male) ×5 |
| 0:05 | Create | Villager (Male) ×5 |
| 0:13 | Build | Town Center |
| 0:19 | Build | Town Center |
| 0:26 | Build | Town Center |
| 0:38 | Build | House |
| 0:39 | Build | House |
| 0:40 | Build | House |
| 0:41 | Build | House |
| 0:43 | Build | House |
| 0:44 | Build | House |
| 0:45 | Build | House |
| 0:46 | Build | House |
| 0:47 | Build | House |
| 1:03 | Create | Villager (Male) ×5 |
| 1:04 | Create | Villager (Male) ×5 |
| 1:04 | Create | Villager (Male) ×5 |
| 1:04 | Create | Villager (Male) ×5 |
| 1:20 | Build | Market |
| 1:22 | Build | Market |
| 1:25 | Build | Market |
| 1:27 | Build | Market |
| 1:30 | Build | Market |
| 1:38 | Create | Villager (Male) ×5 |
| 1:39 | Create | Villager (Male) ×5 |
| 1:39 | Create | Villager (Male) ×5 |
| 1:39 | Create | Villager (Male) ×5 |
| 1:43 | Create | Villager (Male) ×4 |
| 1:44 | Create | Villager (Male) ×4 |
| 1:46 | Create | Villager (Male) ×5 |
| 1:47 | Create | Villager (Male) ×5 |
| 1:47 | Create | Villager (Male) ×5 |
| 1:47 | Create | Villager (Male) ×5 |
| 2:01 | Build | Town Center |
| 2:13 | Build | Town Center |
| 2:28 | Build | Town Center |
| 2:46 | Build | Town Center |
| 2:51 | Create | Villager (Male) ×3 |
| 3:11 | Create | Trade Cart ×5 |
| 3:12 | Create | Trade Cart ×5 |
| 3:12 | Create | Trade Cart ×5 |
| 3:12 | Create | Trade Cart ×5 |
| 3:12 | Create | Trade Cart ×5 |
| 3:13 | Create | Trade Cart ×5 |
| 3:13 | Create | Trade Cart ×5 |
| 3:13 | Create | Trade Cart ×5 |
| 3:14 | Create | Trade Cart ×5 |
| 3:14 | Create | Trade Cart ×5 |
| 3:14 | Create | Trade Cart ×5 |
| 3:15 | Create | Trade Cart ×5 |
| 3:15 | Create | Trade Cart ×5 |
| 3:15 | Create | Trade Cart ×5 |
| 3:17 | Create | Trade Cart ×5 |
| 3:17 | Create | Trade Cart ×5 |
| 4:03 | Build | Stone Wall |
| 4:24 | Build | Stone Wall |
| 4:40 | Build | Mining Camp |
| 4:44 | Create | Villager (Male) ×5 |
| 4:45 | Create | Villager (Male) ×5 |
| 4:45 | Create | Villager (Male) ×5 |
| 4:48 | Create | Villager (Male) ×5 |
| 4:49 | Create | Villager (Male) ×5 |
| 4:49 | Create | Villager (Male) ×5 |
| 4:49 | Create | Villager (Male) ×5 |
| 5:28 | Build | Building 673 |
| 5:31 | Build | Building 490 |
| 5:33 | Build | Building 490 |
| 5:36 | Build | Building 490 |
| 5:40 | Build | Building 490 |
| 5:43 | Build | Building 490 |
| 5:46 | Build | Building 490 |
| 5:49 | Build | Building 490 |
| 5:51 | Build | Building 490 |
| 6:16 | Build | Farm |
| 6:17 | Build | Farm |
| 6:19 | Build | Farm |
| 6:27 | Build | House |
| 6:28 | Build | House |
| 6:31 | Build | House |
| 6:35 | Build | House |
| 6:37 | Build | House |
| 6:38 | Build | House |
| 6:42 | Build | House |
| 6:48 | Create | Villager (Male) ×5 |
| 6:49 | Create | Villager (Male) ×5 |
| 6:49 | Create | Villager (Male) ×5 |
| 6:49 | Create | Villager (Male) ×5 |
| 6:50 | Create | Villager (Male) ×5 |
| 7:08 | Create | Villager (Male) ×5 |
| 7:09 | Create | Villager (Male) ×5 |
| 7:09 | Create | Villager (Male) ×5 |
| 7:09 | Create | Villager (Male) ×5 |
| 7:33 | Create | Villager (Male) ×5 |
| 7:33 | Create | Villager (Male) ×5 |
| 7:33 | Create | Villager (Male) ×5 |
| 7:33 | Create | Villager (Male) ×5 |
| 8:23 | Build | Castle |
| 8:27 | Build | Castle |
| 8:29 | Build | Castle |
| 8:33 | Build | Castle |
| 8:37 | Build | Castle |
| 8:42 | Build | Castle |
| 8:44 | Build | Castle |
| 9:25 | Build | Stone Wall |
| 9:42 | Build | Stone Wall |
| 10:05 | Build | Stone Wall |
| 10:23 | Build | Stone Wall |
| 10:44 | Build | Farm |
| 10:46 | Build | Farm |
| 10:48 | Build | Farm |
| 10:54 | Build | House |
| 10:56 | Build | House |
| 10:58 | Build | House |
| 11:01 | Build | House |
| 11:06 | Build | House |
| 11:08 | Build | House |
| 11:12 | Build | House |
| 11:14 | Build | House |
| 11:19 | Build | House |
| 11:20 | Build | House |
| 11:21 | Build | House |
| 11:23 | Build | House |
| 11:26 | Build | House |
| 11:28 | Build | House |
| 11:29 | Build | House |
| 11:31 | Build | House |
| 11:35 | Build | House |
| 11:36 | Build | House |
| 11:38 | Build | House |
| 11:40 | Build | House |
| 11:43 | Build | House |
| 11:45 | Build | House |
| 11:47 | Build | House |
| 11:49 | Build | House |
| 11:50 | Build | House |
| 11:54 | Build | House |
| 11:56 | Build | House |
| 11:58 | Build | House |
| 12:12 | Build | Building 490 |
| 12:16 | Build | Building 490 |
| 12:35 | Build | Castle |
| 12:37 | Build | Castle |
| 12:44 | Build | Castle |
| 13:06 | Build | Outpost |
| 13:10 | Build | Outpost |
| 13:16 | Build | Outpost |
| 13:18 | Build | Outpost |
| 13:20 | Build | Outpost |
| 13:22 | Build | Outpost |
Build order — erhan.kamci
First 150 of 2434 actions detected
| 0:07 | Build | Town Center |
| 0:17 | Build | House |
| 0:19 | Build | House |
| 0:20 | Build | House |
| 0:21 | Build | House |
| 0:22 | Build | House |
| 0:29 | Create | Villager (Male) |
| 0:29 | Create | Villager (Male) |
| 0:29 | Create | Villager (Male) |
| 0:37 | Build | Town Center |
| 0:39 | Create | Villager (Male) |
| 0:39 | Create | Villager (Male) |
| 0:40 | Create | Villager (Male) |
| 0:40 | Create | Villager (Male) |
| 0:40 | Create | Villager (Male) |
| 0:41 | Create | Villager (Male) |
| 0:41 | Create | Villager (Male) |
| 0:41 | Create | Villager (Male) |
| 0:42 | Create | Villager (Male) |
| 0:42 | Create | Villager (Male) |
| 0:42 | Create | Villager (Male) |
| 0:43 | Create | Villager (Male) |
| 0:43 | Create | Villager (Male) |
| 0:43 | Create | Villager (Male) |
| 0:47 | Create | Villager (Male) |
| 0:47 | Create | Villager (Male) |
| 0:48 | Create | Villager (Male) |
| 0:48 | Create | Villager (Male) |
| 0:48 | Create | Villager (Male) |
| 0:49 | Create | Villager (Male) |
| 0:49 | Create | Villager (Male) |
| 0:49 | Create | Villager (Male) |
| 0:50 | Create | Villager (Male) |
| 0:50 | Create | Villager (Male) |
| 0:50 | Create | Villager (Male) |
| 0:51 | Create | Villager (Male) |
| 0:51 | Create | Villager (Male) |
| 1:02 | Build | Town Center |
| 1:19 | Build | Town Center |
| 1:29 | Build | House |
| 1:30 | Build | House |
| 1:31 | Build | House |
| 1:33 | Build | House |
| 1:34 | Build | House |
| 1:35 | Build | House |
| 1:37 | Build | House |
| 1:48 | Build | Town Center |
| 1:53 | Create | Villager (Male) |
| 1:53 | Create | Villager (Male) |
| 1:53 | Create | Villager (Male) |
| 1:53 | Create | Villager (Male) |
| 1:54 | Create | Villager (Male) |
| 1:54 | Create | Villager (Male) |
| 1:55 | Create | Villager (Male) |
| 1:55 | Create | Villager (Male) |
| 1:55 | Create | Villager (Male) |
| 1:56 | Create | Villager (Male) |
| 1:56 | Create | Villager (Male) |
| 1:56 | Create | Villager (Male) |
| 1:57 | Create | Villager (Male) |
| 1:57 | Create | Villager (Male) |
| 1:57 | Create | Villager (Male) |
| 1:58 | Create | Villager (Male) |
| 2:05 | Build | Farm |
| 2:06 | Build | Farm |
| 2:12 | Build | Town Center |
| 2:22 | Build | Town Center |
| 2:27 | Create | Villager (Male) |
| 2:27 | Create | Villager (Male) |
| 2:27 | Create | Villager (Male) |
| 2:28 | Create | Villager (Male) |
| 2:28 | Create | Villager (Male) |
| 2:28 | Create | Villager (Male) |
| 2:29 | Create | Villager (Male) |
| 2:29 | Create | Villager (Male) |
| 2:29 | Create | Villager (Male) |
| 2:30 | Create | Villager (Male) |
| 2:30 | Create | Villager (Male) |
| 2:30 | Create | Villager (Male) |
| 2:31 | Create | Villager (Male) |
| 2:31 | Create | Villager (Male) |
| 2:32 | Create | Villager (Male) |
| 2:32 | Create | Villager (Male) |
| 2:41 | Build | Farm |
| 2:43 | Build | Farm |
| 2:49 | Build | Town Center |
| 2:56 | Create | Villager (Male) |
| 2:57 | Create | Villager (Male) |
| 2:57 | Create | Villager (Male) |
| 2:57 | Create | Villager (Male) |
| 2:58 | Create | Villager (Male) |
| 2:58 | Create | Villager (Male) |
| 2:58 | Create | Villager (Male) |
| 2:59 | Create | Villager (Male) |
| 2:59 | Create | Villager (Male) |
| 3:13 | Create | Villager (Male) |
| 3:14 | Create | Villager (Male) |
| 3:14 | Create | Villager (Male) |
| 3:14 | Create | Villager (Male) |
| 3:15 | Create | Villager (Male) |
| 3:15 | Create | Villager (Male) |
| 3:15 | Create | Villager (Male) |
| 3:20 | Build | Town Center |
| 3:26 | Create | Villager (Male) |
| 3:27 | Create | Villager (Male) |
| 3:27 | Create | Villager (Male) |
| 3:27 | Create | Villager (Male) |
| 3:27 | Create | Villager (Male) |
| 3:28 | Create | Villager (Male) |
| 3:28 | Create | Villager (Male) |
| 3:28 | Create | Villager (Male) |
| 3:29 | Create | Villager (Male) |
| 3:29 | Create | Villager (Male) |
| 3:29 | Create | Villager (Male) |
| 3:30 | Create | Villager (Male) |
| 3:30 | Create | Villager (Male) |
| 3:30 | Create | Villager (Male) |
| 3:31 | Create | Villager (Male) |
| 3:31 | Create | Villager (Male) |
| 3:32 | Create | Villager (Male) |
| 3:32 | Create | Villager (Male) |
| 3:32 | Create | Villager (Male) |
| 3:37 | Build | House |
| 3:40 | Build | House |
| 3:44 | Build | House |
| 3:45 | Build | House |
| 3:46 | Build | House |
| 3:47 | Build | House |
| 3:49 | Build | House |
| 3:50 | Build | House |
| 3:56 | Build | House |
| 3:57 | Build | House |
| 3:58 | Build | House |
| 3:59 | Build | House |
| 4:01 | Build | House |
| 4:02 | Build | House |
| 4:04 | Build | House |
| 4:05 | Build | House |
| 4:09 | Build | House |
| 4:10 | Build | House |
| 4:12 | Build | House |
| 4:13 | Build | House |
| 4:14 | Build | House |
| 4:15 | Build | House |
| 4:19 | Build | House |
| 4:20 | Build | House |
| 4:21 | Build | House |
| 4:22 | Build | House |
| 4:24 | Build | House |
| 4:39 | Build | Market |
Build order — a.hofslagare
First 150 of 1074 actions detected
| 0:08 | Build | Town Center |
| 0:13 | Create | Villager (Male) ×5 |
| 0:13 | Create | Villager (Male) ×5 |
| 0:14 | Create | Villager (Male) ×5 |
| 0:14 | Create | Villager (Male) ×5 |
| 0:20 | Build | Town Center |
| 0:27 | Build | Town Center |
| 0:34 | Build | Town Center |
| 0:38 | Build | Town Center |
| 0:42 | Build | Town Center |
| 0:52 | Build | Town Center |
| 0:57 | Build | Town Center |
| 1:13 | Build | Market |
| 1:15 | Build | Market |
| 1:17 | Build | Market |
| 1:19 | Build | Market |
| 1:22 | Build | Market |
| 1:25 | Build | Market |
| 1:27 | Build | Market |
| 1:29 | Build | Market |
| 1:37 | Build | Market |
| 1:40 | Build | Market |
| 1:42 | Build | Market |
| 2:00 | Create | Villager (Male) ×5 |
| 2:01 | Create | Villager (Male) ×5 |
| 2:01 | Create | Villager (Male) ×5 |
| 2:02 | Create | Villager (Male) ×5 |
| 2:02 | Create | Villager (Male) ×5 |
| 2:02 | Create | Villager (Male) ×5 |
| 2:03 | Create | Villager (Male) ×5 |
| 2:03 | Create | Villager (Male) ×5 |
| 2:03 | Create | Villager (Male) ×5 |
| 2:03 | Create | Villager (Male) ×5 |
| 2:04 | Create | Villager (Male) ×5 |
| 2:04 | Create | Villager (Male) ×5 |
| 2:04 | Create | Villager (Male) ×5 |
| 2:05 | Create | Villager (Male) ×5 |
| 2:05 | Create | Villager (Male) ×5 |
| 2:05 | Create | Villager (Male) ×5 |
| 2:06 | Create | Villager (Male) ×5 |
| 2:06 | Create | Villager (Male) ×5 |
| 2:06 | Create | Villager (Male) ×5 |
| 2:13 | Build | Town Center |
| 2:16 | Build | Town Center |
| 2:22 | Build | Town Center |
| 2:24 | Build | Town Center |
| 2:51 | Create | Villager (Male) ×5 |
| 2:52 | Create | Villager (Male) ×5 |
| 2:52 | Create | Villager (Male) ×5 |
| 2:52 | Create | Villager (Male) ×5 |
| 2:53 | Create | Villager (Male) ×5 |
| 2:53 | Create | Villager (Male) ×5 |
| 2:53 | Create | Villager (Male) ×5 |
| 2:53 | Create | Villager (Male) ×5 |
| 2:54 | Create | Villager (Male) ×5 |
| 3:07 | Create | Villager (Male) |
| 3:08 | Create | Villager (Male) |
| 3:22 | Build | Farm |
| 3:24 | Build | Farm |
| 3:26 | Build | Farm |
| 3:27 | Build | Farm |
| 3:28 | Build | Farm |
| 3:30 | Build | Farm |
| 3:35 | Build | Farm |
| 3:36 | Build | Farm |
| 3:39 | Build | Farm |
| 3:41 | Build | Farm |
| 3:44 | Build | Farm |
| 3:45 | Build | Farm |
| 3:46 | Build | Farm |
| 3:48 | Build | Farm |
| 3:50 | Build | Farm |
| 3:53 | Build | Farm |
| 3:55 | Build | Farm |
| 3:56 | Build | Farm |
| 3:58 | Build | Farm |
| 4:03 | Build | Farm |
| 4:05 | Build | Farm |
| 4:07 | Build | Farm |
| 4:09 | Build | Farm |
| 4:11 | Build | Farm |
| 4:13 | Build | Farm |
| 4:15 | Build | Farm |
| 4:24 | Create | Villager (Male) ×5 |
| 4:24 | Create | Villager (Male) ×5 |
| 4:25 | Create | Villager (Male) ×5 |
| 4:25 | Create | Villager (Male) ×5 |
| 4:25 | Create | Villager (Male) ×5 |
| 4:26 | Create | Villager (Male) ×5 |
| 4:26 | Create | Villager (Male) ×5 |
| 4:26 | Create | Villager (Male) ×5 |
| 4:26 | Create | Villager (Male) ×5 |
| 4:27 | Create | Villager (Male) ×5 |
| 4:27 | Create | Villager (Male) ×5 |
| 4:27 | Create | Villager (Male) ×5 |
| 4:28 | Create | Villager (Male) ×5 |
| 4:28 | Create | Villager (Male) ×5 |
| 4:28 | Create | Villager (Male) ×5 |
| 4:28 | Create | Villager (Male) ×5 |
| 4:42 | Create | Villager (Male) ×5 |
| 4:43 | Create | Villager (Male) ×5 |
| 4:43 | Create | Villager (Male) ×5 |
| 4:43 | Create | Villager (Male) ×5 |
| 4:57 | Create | Trade Cart ×5 |
| 4:58 | Create | Trade Cart ×5 |
| 4:58 | Create | Trade Cart ×5 |
| 4:59 | Create | Trade Cart ×5 |
| 4:59 | Create | Trade Cart ×5 |
| 4:59 | Create | Trade Cart ×5 |
| 4:59 | Create | Trade Cart ×5 |
| 5:00 | Create | Trade Cart ×5 |
| 5:00 | Create | Trade Cart ×5 |
| 5:00 | Create | Trade Cart ×5 |
| 5:01 | Create | Trade Cart ×5 |
| 5:01 | Create | Trade Cart ×5 |
| 5:01 | Create | Trade Cart ×5 |
| 5:02 | Create | Trade Cart ×5 |
| 5:04 | Create | Trade Cart ×5 |
| 5:04 | Create | Trade Cart ×5 |
| 5:05 | Create | Trade Cart ×5 |
| 5:05 | Create | Trade Cart ×5 |
| 5:05 | Create | Trade Cart ×5 |
| 5:06 | Create | Trade Cart ×5 |
| 5:06 | Create | Trade Cart ×5 |
| 5:06 | Create | Trade Cart ×5 |
| 5:29 | Build | Farm |
| 5:31 | Build | Farm |
| 5:33 | Build | Farm |
| 5:34 | Build | Farm |
| 5:36 | Build | Farm |
| 5:37 | Build | Farm |
| 5:38 | Build | Farm |
| 5:40 | Build | Farm |
| 5:41 | Build | Farm |
| 5:43 | Build | Farm |
| 5:48 | Build | Farm |
| 5:49 | Build | Farm |
| 5:51 | Build | Farm |
| 5:52 | Build | Farm |
| 5:54 | Build | Farm |
| 6:12 | Create | Villager (Male) ×5 |
| 6:12 | Create | Villager (Male) ×5 |
| 6:12 | Create | Villager (Male) ×5 |
| 6:13 | Create | Villager (Male) ×5 |
| 6:13 | Create | Villager (Male) ×5 |
| 6:13 | Create | Villager (Male) ×5 |
| 6:14 | Create | Villager (Male) ×5 |
| 6:14 | Create | Villager (Male) ×5 |
| 6:14 | Create | Villager (Male) ×5 |
| 6:14 | Create | Villager (Male) ×3 |
Build order — BoxyTexas4381
First 150 of 610 actions detected
| 0:20 | Build | Town Center |
| 0:24 | Build | Town Center |
| 0:26 | Build | Town Center |
| 0:29 | Build | Town Center |
| 0:31 | Build | Town Center |
| 0:36 | Create | Villager (Male) ×5 |
| 1:02 | Build | Market |
| 1:05 | Build | Market |
| 1:07 | Build | Market |
| 1:10 | Build | Market |
| 1:14 | Build | Market |
| 1:31 | Create | Villager (Male) ×5 |
| 1:32 | Create | Villager (Male) ×5 |
| 1:32 | Create | Villager (Male) ×5 |
| 1:32 | Create | Villager (Male) ×5 |
| 1:39 | Create | Villager (Male) ×5 |
| 1:40 | Create | Villager (Male) ×5 |
| 1:40 | Create | Villager (Male) ×5 |
| 1:50 | Create | Villager (Male) ×5 |
| 1:50 | Create | Villager (Male) ×5 |
| 1:50 | Create | Villager (Male) ×5 |
| 1:51 | Create | Villager (Male) ×5 |
| 1:59 | Create | Villager (Male) ×5 |
| 2:00 | Create | Villager (Male) ×5 |
| 2:00 | Create | Villager (Male) ×5 |
| 2:00 | Create | Villager (Male) ×5 |
| 2:12 | Create | Villager (Male) ×5 |
| 2:12 | Create | Villager (Male) ×5 |
| 2:12 | Create | Villager (Male) ×3 |
| 2:13 | Create | Villager (Male) ×3 |
| 2:24 | Create | Villager (Male) ×5 |
| 2:24 | Create | Villager (Male) ×5 |
| 2:24 | Create | Villager (Male) ×5 |
| 2:52 | Create | Trade Cart ×5 |
| 2:52 | Create | Trade Cart ×5 |
| 2:53 | Create | Trade Cart ×5 |
| 2:53 | Create | Trade Cart ×5 |
| 3:17 | Create | Trade Cart ×5 |
| 3:18 | Create | Trade Cart ×5 |
| 3:18 | Create | Trade Cart ×5 |
| 3:36 | Create | Trade Cart ×5 |
| 3:36 | Create | Trade Cart ×5 |
| 3:36 | Create | Trade Cart ×5 |
| 3:37 | Create | Trade Cart ×5 |
| 3:53 | Create | Trade Cart ×5 |
| 3:53 | Create | Trade Cart ×5 |
| 3:54 | Create | Trade Cart ×5 |
| 3:54 | Create | Trade Cart ×5 |
| 4:13 | Create | Trade Cart ×5 |
| 4:14 | Create | Trade Cart ×5 |
| 4:14 | Create | Trade Cart ×5 |
| 4:15 | Create | Trade Cart ×5 |
| 4:42 | Build | House |
| 4:43 | Build | House |
| 4:44 | Build | House |
| 4:46 | Build | House |
| 4:50 | Build | House |
| 4:52 | Build | House |
| 4:54 | Build | House |
| 4:55 | Build | House |
| 4:58 | Build | House |
| 4:59 | Build | House |
| 5:01 | Build | House |
| 5:04 | Build | House |
| 5:05 | Build | House |
| 5:07 | Build | House |
| 5:08 | Build | House |
| 5:10 | Build | House |
| 5:12 | Build | House |
| 5:26 | Build | Lumber Camp |
| 6:17 | Build | Barracks |
| 6:19 | Build | Barracks |
| 6:21 | Build | Barracks |
| 6:24 | Build | Barracks |
| 6:26 | Build | Barracks |
| 6:28 | Build | Barracks |
| 6:30 | Build | Barracks |
| 6:33 | Build | Barracks |
| 6:58 | Build | Monastery |
| 7:05 | Build | University |
| 7:25 | Build | Stone Wall |
| 7:50 | Build | Stone Wall |
| 8:12 | Build | Stone Wall |
| 8:23 | Build | Stone Wall |
| 8:26 | Build | Stone Wall |
| 8:32 | Build | Stone Wall |
| 8:35 | Build | Stone Wall |
| 8:40 | Build | Stone Wall |
| 8:48 | Build | Stone Wall |
| 8:56 | Build | Stone Wall |
| 9:12 | Build | Stone Wall |
| 9:30 | Build | Building 490 |
| 9:44 | Build | Building 490 |
| 9:57 | Build | Stone Wall |
| 10:08 | Build | Building 490 |
| 10:33 | Build | House |
| 10:34 | Build | House |
| 10:37 | Build | House |
| 10:38 | Build | House |
| 10:41 | Build | House |
| 10:45 | Build | House |
| 10:47 | Build | House |
| 10:48 | Build | House |
| 11:04 | Build | Building 490 |
| 11:32 | Build | Stone Wall |
| 11:42 | Build | Building 490 |
| 11:55 | Create | Villager (Male) ×5 |
| 11:55 | Create | Villager (Male) ×5 |
| 11:56 | Create | Villager (Male) ×5 |
| 11:56 | Create | Villager (Male) ×5 |
| 11:57 | Create | Villager (Male) ×5 |
| 11:57 | Create | Villager (Male) ×5 |
| 11:57 | Create | Villager (Male) ×5 |
| 11:58 | Create | Villager (Male) ×5 |
| 11:58 | Create | Villager (Male) ×3 |
| 11:58 | Create | Villager (Male) ×3 |
| 12:22 | Build | Building 487 |
| 12:34 | Build | Building 490 |
| 12:45 | Build | Building 490 |
| 13:18 | Build | Stone Wall |
| 13:26 | Build | Building 490 |
| 13:46 | Build | Building 490 |
| 14:08 | Build | Stone Wall |
| 14:26 | Build | Stone Wall |
| 14:36 | Build | Stone Wall |
| 14:49 | Build | Stone Wall |
| 15:01 | Build | Stone Wall |
| 15:12 | Build | Stone Wall |
| 15:21 | Build | Stone Wall |
| 15:34 | Build | Stone Wall |
| 15:46 | Build | Stone Wall |
| 15:55 | Build | Building 490 |
| 16:05 | Build | Stone Wall |
| 16:34 | Build | Building 490 |
| 17:08 | Build | Castle |
| 17:09 | Build | Castle |
| 17:22 | Build | Castle |
| 17:32 | Build | Castle |
| 17:41 | Build | Castle |
| 17:50 | Create | Monk |
| 18:32 | Build | House |
| 18:34 | Build | House |
| 18:35 | Build | House |
| 18:36 | Build | House |
| 18:38 | Build | House |
| 18:42 | Build | House |
| 18:44 | Build | House |
| 18:46 | Build | House |
| 18:48 | Build | House |
| 18:49 | Build | House |
Match timeline
| 3:20 | IsaacNewton · first_building Castle |
| 4:03 | Jupiter19 · wall_segment Stone Wall x64 |
| 4:24 | Jupiter19 · wall_segment Stone Wall x36 |
| 5:39 | IsaacNewton · wall_segment Stone Wall x37 |
| 5:52 | IsaacNewton · wall_segment Stone Wall x22 |
| 6:17 | BoxyTexas4381 · first_building Barracks |
| 6:58 | BoxyTexas4381 · first_building Monastery |
| 7:25 | BoxyTexas4381 · wall_segment Stone Wall x15 |
| 7:50 | BoxyTexas4381 · wall_segment Stone Wall x31 |
| 8:12 | BoxyTexas4381 · wall_segment Stone Wall x9 |
| 8:23 | BoxyTexas4381 · wall_segment Stone Wall x18 |
| 8:23 | Jupiter19 · first_building Castle |
| 8:26 | BoxyTexas4381 · wall_segment Stone Wall x6 |
| 8:32 | BoxyTexas4381 · wall_segment Stone Wall x16 |
| 8:35 | BoxyTexas4381 · wall_segment Stone Wall x9 |
| 8:40 | BoxyTexas4381 · wall_segment Stone Wall x19 |
| 8:48 | BoxyTexas4381 · wall_segment Stone Wall x15 |
| 8:56 | BoxyTexas4381 · wall_segment Stone Wall x26 |
| 9:12 | BoxyTexas4381 · wall_segment Stone Wall x32 |
| 9:20 | IsaacNewton · first_building Stable |
| 9:25 | Jupiter19 · wall_segment Stone Wall x18 |
| 9:42 | Jupiter19 · wall_segment Stone Wall x14 |
| 9:57 | BoxyTexas4381 · wall_segment Stone Wall x18 |
| 10:05 | Jupiter19 · wall_segment Stone Wall x56 |
| 10:23 | Jupiter19 · wall_segment Stone Wall x4 |
| 10:25 | yuzarsif · wall_segment Stone Wall x100 |
| 11:16 | IsaacNewton · wall_segment Palisade Wall x1 |
| 11:18 | IsaacNewton · wall_segment Palisade Wall x1 |
| 11:32 | BoxyTexas4381 · wall_segment Stone Wall x37 |
| 12:32 | yuzarsif · wall_segment Stone Wall x1 |
| 12:47 | yuzarsif · wall_segment Stone Wall x20 |
| 12:49 | erhan.kamci · first_building Castle |
| 13:13 | erhan.kamci · first_building Siege Workshop |
| 13:18 | BoxyTexas4381 · wall_segment Stone Wall x34 |
| 14:08 | BoxyTexas4381 · wall_segment Stone Wall x5 |
| 14:26 | BoxyTexas4381 · wall_segment Stone Wall x18 |
| 14:36 | BoxyTexas4381 · wall_segment Stone Wall x8 |
| 14:39 | erhan.kamci · wall_segment Stone Wall x19 |
| 14:49 | BoxyTexas4381 · wall_segment Stone Wall x17 |
| 14:57 | erhan.kamci · wall_segment Stone Wall x39 |
| 15:01 | BoxyTexas4381 · wall_segment Stone Wall x9 |
| 15:07 | erhan.kamci · wall_segment Stone Wall x12 |
| 15:12 | BoxyTexas4381 · wall_segment Stone Wall x19 |
| 15:15 | erhan.kamci · wall_segment Stone Wall x8 |
| 15:21 | BoxyTexas4381 · wall_segment Stone Wall x15 |
| 15:23 | a.hofslagare · wall_segment Stone Wall x61 |
| 15:27 | erhan.kamci · wall_segment Stone Wall x43 |
| 15:34 | BoxyTexas4381 · wall_segment Stone Wall x20 |
| 15:46 | BoxyTexas4381 · wall_segment Stone Wall x6 |
| 16:03 | erhan.kamci · first_building Stable |
| 16:05 | BoxyTexas4381 · wall_segment Stone Wall x19 |
| 16:18 | IsaacNewton · first_building Siege Workshop |
| 17:08 | BoxyTexas4381 · first_building Castle |
| 17:17 | yuzarsif · wall_segment Stone Wall x49 |
| 18:07 | a.hofslagare · first_building Castle |
| 18:26 | Jupiter19 · first_building Siege Workshop |
| 18:32 | erhan.kamci · first_building Barracks |
| 18:49 | a.hofslagare · wall_segment Stone Wall x59 |
| 19:12 | Jupiter19 · first_market_buy 100 stone |
| 19:36 | a.hofslagare · first_building Stable |
| 19:37 | BoxyTexas4381 · wall_segment Stone Wall x50 |
| 20:03 | IsaacNewton · wall_segment Stone Wall x2 |
| 20:38 | IsaacNewton · first_building Barracks |
| 22:04 | Jupiter19 · wall_segment Stone Wall x79 |
| 22:27 | erhan.kamci · wall_segment Stone Wall x3 |
| 24:05 | yuzarsif · first_building Castle |
| 24:08 | BoxyTexas4381 · first_building Archery Range |
| 24:16 | yuzarsif · first_building Siege Workshop |
| 24:21 | Jupiter19 · first_building Stable |
| 24:31 | IsaacNewton · first_building Monastery |
| 25:00 | BoxyTexas4381 · first_building Stable |
| 26:54 | yuzarsif · first_building Stable |
| 29:12 | Jupiter19 · first_building Barracks |
| 31:00 | a.hofslagare · first_building Siege Workshop |
| 32:44 | erhan.kamci · first_market_buy 100 stone |
| 41:14 | IsaacNewton · first_building Archery Range |
| 42:01 | BoxyTexas4381 · wall_segment Stone Wall x18 |
| 42:15 | BoxyTexas4381 · wall_segment Stone Wall x14 |
| 42:30 | BoxyTexas4381 · wall_segment Stone Wall x22 |
| 46:28 | BoxyTexas4381 · first_building Siege Workshop |
| 51:41 | Jupiter19 · wall_segment Stone Wall x11 |
| 52:57 | IsaacNewton · resign |
| 57:55 | BoxyTexas4381 · wall_segment Stone Wall x13 |
| 59:06 | Jupiter19 · first_market_sell 500 food |
| 66:00 | BoxyTexas4381 · wall_segment Stone Wall x7 |
| 66:22 | BoxyTexas4381 · wall_segment Stone Wall x11 |
| 66:32 | BoxyTexas4381 · wall_segment Stone Wall x7 |
[ AI ANALYSIS · 1 CREDIT ]
What really happened in this match?
Wolo.gg analyzes every decision: build order, eco, micro, common mistakes by bracket. Personalized analysis on WhatsApp or Discord in 30 seconds.
Civ guide
Khmer
Map guide
Michi
Perfil
Jugador #4124521